AoeStats
← Axolot

Socotra

506001811Analyzed
4v4 RM · 20d ago on Sep 12, 2026· 39m 21s· 8 players
Game mode
Random Map
Map size
148×148
Population
200
Speed
Normal
Resources
Standard
Victory
Conquest
Starting age
Dark Age
Ending age
Imperial Age
RankedLock teamsTeams togetherTeam positionsShared explorationLock speedFull tech treeHidden civsTurbo modeCheats
Victory
Defeat
🇦🇷 Byzantines · Argentina
1502
+13
🇦🇷 Aztecs · Argentina
1430
+16
🇦🇷 Celts · Argentina
1416
+17
🇨🇦 Bulgarians · Canada
1357
+19
🇦🇷 Franks · Argentina
1540
-20
🇦🇷 Khmer · Argentina
1527
-20
🇺🇾 Shu · Uruguay
1378
-14
🇦🇷 Bengalis · Argentina
1297
-11
weaking
7:06 Loom
9:32 Feudal Age
9:33 Man-at-Arms
14:24 Double-Bit Axe
17:56 Fletching
24:22 Castle Age
22:31 Padded Archer Armor
26:10 Wheelbarrow
25:48 Bow Saw
38:56 Imperial Age
38:56 Capped Ram
Zargo
7:37 Loom
10:00 Feudal Age
10:03 Man-at-Arms
13:22 Fletching
18:29 Double-Bit Axe
21:38 Castle Age
20:22 Scale Mail Armor
20:19 Arson
20:26 Gold Mining
21:27 Forging
21:58 Eagle Warrior
22:42 Squires
25:16 Wheelbarrow
25:09 Chain Mail Armor
25:46 Pikeman
[KOF] JoakoM
2:23 Loom
6:45 Loom
8:56 Feudal Age
14:16 Fletching
18:05 Padded Archer Armor
19:56 Wheelbarrow
23:47 Castle Age
22:23 Gold Mining
22:28 Double-Bit Axe
24:27 Bodkin Arrow
24:07 Crossbowman
26:31 Ballistics
37:07 Hand Cart
37:03 Bow Saw
37:28 Gold Shaft Mining
36:34 Horse Collar
Ranchy
9:29 Feudal Age
7:48 Loom
9:56 Double-Bit Axe
9:52 Horse Collar
14:51 Scale Barding Armor
17:31 Forging
19:01 Bloodlines
19:56 Wheelbarrow
23:18 Castle Age
23:11 Gold Mining
23:20 Light Cavalry
24:22 Chain Barding Armor
24:09 Husbandry
25:34 Iron Casting
31:36 Hand Cart
35:43 Heavy Plow
42:27 Imperial Age
Dino_Mate
6:23 Loom
9:31 Feudal Age
10:06 Double-Bit Axe
14:19 Fletching
16:07 Padded Archer Armor
21:27 Castle Age
20:09 Horse Collar
21:39 Gold Mining
21:37 Elite Skirmisher
22:36 Bodkin Arrow
29:55 Wheelbarrow
29:05 Town Watch
33:46 Scale Barding Armor
41:17 Imperial Age
pepelui_gg
7:29 Loom
10:01 Feudal Age
10:34 Double-Bit Axe
10:32 Horse Collar
15:27 Scale Barding Armor
17:24 Wheelbarrow
21:55 Castle Age
20:34 Bloodlines
20:53 Forging
22:41 Husbandry
22:02 Light Cavalry
23:33 Chain Barding Armor
29:41 Hand Cart
30:27 Iron Casting
32:40 Bow Saw
34:30 Fletching
35:03 Padded Archer Armor
35:11 Heavy Plow
35:09 Bodkin Arrow
36:08 Leather Archer Armor
38:41 Gold Mining
Axolot
9:00 Feudal Age
10:40 Loom
14:22 Double-Bit Axe
20:09 Forging
21:37 Scale Barding Armor
23:36 Wheelbarrow
26:54 Castle Age
26:34 Gold Mining
27:10 Light Cavalry
28:14 Chain Barding Armor
28:30 Iron Casting
[VA] Salvatore
6:33 Loom
9:52 Feudal Age
11:33 Double-Bit Axe
12:02 Fletching
13:19 Padded Archer Armor
21:05 Gold Mining
24:48 Castle Age
24:51 Crossbowman
25:56 Bodkin Arrow
26:44 Gold Shaft Mining
26:23 Bow Saw
26:44 Leather Archer Armor
35:58 Thumb Ring
Connection lost

Rejoining the realm…

Still unreachable

The connection could not be restored.

Session expired

The server has moved on; the page needs a fresh start.